 Dungeon Crawl Stone Soup version 0.31-a0-210-gccc998df9b (webtiles) character file.

Game seed: 1382813618647265469

93 nono the Sneak (level 4, 0/38 HPs)
             Began as a Formicid Delver on June 29, 2023.
             Slain by an iguana (7 damage)
             ... on level 4 of the Dungeon.
             The game lasted 00:06:44 (2124 turns).

nono the Sneak (Formicid Delver)                    Turns: 2124, Time: 00:06:45

Health: 0/38       AC:  9    Str: 19    XL:     4   Next: 92%
Magic:  4/4        EV:  8    Int:  9    God:
Gold:   171        SH:  0    Dex: 15    Spells: 3/3 levels left

rFire   . . .        a - +0 hand axe
rCold   . . .        (no shield)
rNeg    . . .        r - +0 chain mail
rPois   .            (helmet unavailable)
rElec   .            (no cloak)
rCorr   .            (no gloves)
SInv    +            m - +0 pair of boots
Will    .....        (no amulet)
Stlth   +            (no ring)
HPRegen 0.26/turn    (no ring)
MPRegen 0.09/turn

%: no passive effects
@: no status effects
A: permanent stasis, dig shafts and tunnels, antennae 3, four strong arms
a: Dig, Shaft Self


You were on level 4 of the Dungeon.
You visited 1 branch of the dungeon, and saw 5 of its levels.

You collected 171 gold pieces.

Inventory:

Hand Weapons
 a - a +0 hand axe (weapon)
 k - a +0 club
Missiles
 g - 8 poisoned darts
Armour
 b - a +0 leather armour
 m - a +0 pair of boots (worn)
 r - a +0 chain mail (worn)
Wands
 f - a wand of digging (3)
 w - a wand of iceblast (4)
Scrolls
 c - a scroll of fog
 d - 2 scrolls of revelation
 e - 2 scrolls of fear
 j - 2 scrolls of enchant weapon {unknown}
 p - 2 scrolls of enchant armour {unknown}
 s - a scroll of teleportation {unknown}
 t - 2 scrolls of vulnerability {unknown}
 u - a scroll of blinking {unknown}
 v - a scroll of identify {unknown}
Potions
 h - 2 potions of magic {unknown}
 i - a potion of brilliance {unknown}
 l - 2 potions of degeneration {unknown}
 n - a potion of might {unknown}
 o - 3 potions of heal wounds {unknown}
 q - 2 potions of curing


   Skills:
 + Level 4.3 Fighting
 + Level 3.0 Axes
 + Level 2.2 Armour
 - Level 1.8 Dodging
 - Level 6.0 Stealth


You had 3 spell levels left.
You didn't know any spells.
Your spell library was empty.

Dungeon Overview and Level Annotations

Branches:
Dungeon (5/15)
 Temple: D:4-7

Altars:
Sif Muna
Vehumet

Annotations:
D:3 2 runed translucent doors, ketsa's ghost, amateur SpTm


Innate Abilities, Weirdness & Mutations

You cannot be hasted, slowed, berserked, paralysed or teleported.
You can dig through walls and to a lower floor.
You have a pair of large antennae on your head. (SInv)
Your four strong arms can wield two-handed weapons with a shield.


Message History

The iguana is heavily wounded.
The iguana bites you!
You hit the iguana.
The iguana is severely wounded.
The iguana bites you!
You are too injured to fight recklessly!
You are too injured to fight recklessly!
You are too injured to fight recklessly!
You hit the iguana but do no damage.
The iguana is severely wounded.
The iguana bites you.
You completely miss the iguana.
The iguana is severely wounded.
The iguana hisses menacingly.
The iguana bites you.
* * * LOW HITPOINT WARNING * * *
The iguana bites you but does no damage.
You closely miss the iguana.
The iguana is severely wounded.
The iguana bites you but does no damage.
You completely miss the iguana.
The iguana is severely wounded.
The iguana barely misses you.
You closely miss the iguana.
The iguana is severely wounded.
The iguana bites you but does no damage.
You hit the iguana but do no damage.
The iguana is severely wounded.
The iguana closely misses you.
You closely miss the iguana.
The iguana is severely wounded.
The iguana bites you!
* * * LOW HITPOINT WARNING * * *
It was a potion of curing.
You feel better. The iguana bites you!
* * * LOW HITPOINT WARNING * * *
You feel better. The iguana completely misses you.
You hit the iguana.
The iguana is almost dead.
The iguana bites you!
You die...

#.#................
##..................
.........#....##...
#...#...)##...#|...
##..##...##......... .
##...##....#..######.
.[.#.....##..##.## #.
.................# ....
#.....l@........... ....
##..........##..:.......
#.........### ..........
............ ..........
##......#...# .?.......
...#....##.... ... ....
#........ ..... . #.
#..#.###. #..## ..###.
......


You could see an iguana.

Vanquished Creatures
  3 adders (D:2)
  A worm (D:2)
  A dart slug (D:2)
  An orc (D:3)
  4 endoplasms
  3 giant cockroaches (D:2)
  5 goblins (D:2)
  12 hobgoblins
  2 jackals (D:2)
  2 kobolds
  3 quokkas (D:1)
  8 ball pythons
  2 bats
  3 frilled lizards
  5 rats
55 creatures vanquished.

Notes
Turn   | Place    | Note
-------+----------+-------------------------------------------
     0 | D:5      | nono the Formicid Delver began the quest for the Orb.
     0 | D:5      | Reached XP level 1. HP: 18/18 MP: 1/1
    12 | D:5      | Noticed a hound
    12 | D:5      | Noticed a hound
    15 | D:4      | Found a sand-covered staircase.
   141 | D:3      | Found a large runed translucent door.
   141 | D:3      | Found a large runed translucent door.
   258 | D:2      | Reached XP level 2. HP: 23/24 MP: 2/2
   321 | D:2      | Reached skill level 1 in Armour
   401 | D:2      | Reached XP level 3. HP: 29/30 MP: 3/3
   921 | D:2      | Reached XP level 4. HP: 37/37 MP: 4/4
  1524 | D:3      | Noticed ketsa's ghost (amateur SpTm)
  1722 | D:3      | Found a radiant altar of Vehumet.
  1775 | D:3      | Found a shimmering blue altar of Sif Muna.
  2121 | D:4      | HP: 1/38 [iguana (8)]
  2124 | D:4      | Slain by an iguana

Illustrated notes

Levels and vault maps discovered:
D:1:      dpeg_arrival_castle, layout_rooms, minivault_25,
          roderic_three_in_a_row
D:2:      layout_basic
D:3:      layout_basic, mainiacjoe_overflow_alcove_2,
          nicolae_sif_muna_little_library, ebering_ghost_disaster_area
D:4:      layout_cave_pools, enter_ossuary_1, uniq_crazy_yiuf_cottage
D:5:      layout_cave_pools, lemuel_doored_altar, mainiacjoe_overflow_24_doors,
          serial_shops, shop

Skill      XL: |  1  2  3  4 |
---------------+-------------+-----
Armour         | 1 2 |  2.2
Fighting       | 4 |  4.3
Axes           | 3 |  3.0
Dodging        | |  1.8
Stealth        | |  6.0

Action                     |  1- 3 |  4- 6 || total
---------------------------+-------+-------++-------
  Melee: Hand axe          |    82 |    87 ||   169
         Punch             |     1 |       ||     1
    Use: Potion            |       |     2 ||     2
   Stab: Sleeping          |     5 |       ||     5
 Armour: Leather armour    |    23 |    11 ||    34
         Chain mail        |       |    32 ||    32
  Dodge: Dodged            |    56 |    41 ||    97

Table legend: (Time is in decaauts)
 A = Elapsed time spent in this place.
 B = Non-inter-level travel time spent in this place.
 C = Inter-level travel time spent in this place.
 D = Time resting spent in this place.
 E = Time spent auto-exploring this place.
 F = Levels seen in this place.
 G = Mean time per level.
                   A        B        C        D        E       F      G
               +--------+--------+--------+--------+--------+-----+--------+
         Total |   2157 |   2019 |    138 |     62 |   1278 |   5 |  431.4 |
       Dungeon |   2157 |   2019 |    138 |     62 |   1278 |   5 |  431.4 |
               +--------+--------+--------+--------+--------+-----+--------+

Top non-repeatable levels by time:
     D:2: 801 daAuts
     D:3: 573 daAuts
     D:1: 553 daAuts
     D:4: 214 daAuts
     D:5: 15 daAuts
